 Dungeon Crawl Stone Soup version 0.20.1-1-g8b1a95d (webtiles) character file.

3241 TheGuigne the Cleaver (level 9, -7/108 HPs)
             Began as a Minotaur Fighter on Aug 13, 2017.
             Was a Believer of Trog.
             Mangled by a two-headed ogre
             ... wielding a +0 giant club
              (20 damage)
             ... on level 8 of the Dungeon.
             The game lasted 00:13:26 (6865 turns).

TheGuigne the Cleaver (Minotaur Fighter)            Turns: 6865, Time: 00:13:27

Health: -7/108     AC: 14    Str: 26    XL:     9   Next: 67%
Magic:  8/8        EV:  6    Int:  8    God:    Trog [**....]
Gold:   314        SH: 10    Dex: 10    Spells: 8/8 levels left

rFire    + + .     SeeInvis .   r - +6 mace "Tamex" {flame, rElec rPois rF+}
rCold    . . .     Gourm    .   c - +0 shield
rNeg     . . .     Faith    .   n - +3 chain mail
rPois    +         Spirit   .   (helmet restricted)
rElec    +         Reflect  .   o - +0 cloak
rCorr    .         Harm     .   (no gloves)
MR       .....                  (no boots)
Stlth    ..........             (no amulet)
Regen    0.3/turn               e - ring of protection from fire
MPRegen  0.2/turn               (no ring)

@: berserking, very quick
A: retaliatory headbutt, horns 2
a: Berserk, Trog's Hand, Burn Spellbooks, Renounce Religion


You were on level 8 of the Dungeon.
You worshipped Trog.
Trog was pleased with you.
You were very hungry.

You visited 2 branches of the dungeon, and saw 9 of its levels.

You collected 405 gold pieces.
You spent 91 gold pieces at shops.

Inventory:

Hand Weapons
 a - a +0 war axe
 m - a +0 whip
 r - the +6 mace "Tamex" (weapon) {flame, rElec rPois rF+}
   (You found it on level 4 of the Dungeon)

   It has been specially enchanted to burn those struck by it, causing extra
   injury to most foes and up to half again as much damage against particularly
   susceptible opponents.
   It protects you from fire.
   It insulates you from electricity.
   It protects you from poison.
Missiles
 p - 2 throwing nets (quivered)
 s - 3 exploding tomahawks
Armour
 c - a +0 shield (worn)
 n - a +3 chain mail (worn)
 o - a +0 cloak (worn)
Jewellery
 e - a ring of protection from fire (left hand)
 x - a cursed ring of teleportation {unknown}
 z - an uncursed ring of positive energy {unknown}
 B - a cursed -3 ring of dexterity {unknown}
Wands
 y - a wand of iceblast (3/15)
 J - a wand of disintegration (13/24)
 L - a wand of paralysis (17/24)
Scrolls
 g - a scroll of amnesia {unknown}
 i - a scroll of random uselessness {unknown}
 j - a scroll of teleportation {unknown}
 l - 3 scrolls of blinking
 q - 5 scrolls of remove curse
 u - a scroll of fog {unknown}
 C - a scroll of magic mapping {unknown}
 K - a scroll of enchant armour {unknown}
Potions
 d - 2 potions of might
 k - 2 potions of brilliance
 t - a potion of haste {unknown}
 v - 3 potions of berserk rage {unknown}
 w - 2 potions of ambrosia {unknown}
 D - a potion of magic {unknown}
 E - 3 potions of lignification {unknown}
 F - 2 potions of curing
 G - a potion of mutation {unknown}
 H - a potion of flight {unknown}
 I - a potion of invisibility {unknown}
Comestibles
 b - 2 chunks of flesh
 f - 5 bread rations
 h - 2 fruits
 A - 3 meat rations


   Skills:
 + Level 4.6 Fighting
 - Level 11.1(12.7) Axes
 - Level 10.4(12.3) Maces & Flails
 + Level 5.3 Armour
 + Level 4.8 Shields


You had 8 spell levels left.
You didn't know any spells.

Dungeon Overview and Level Annotations

Branches:
Dungeon (8/15)             Temple (1/1) D:5
   Lair: D:8-11

Altars:
Cheibriados
Dithmenos
Fedhas
Gozag
Nemelex Xobeh
Qazlal
Ru
Trog
Vehumet
Xom
Yredelemnul
Zin
The Shining One

Shops:
D:4 %[%=


Innate Abilities, Weirdness & Mutations

You reflexively headbutt those who attack you in melee.
You have a pair of horns on your head.


Message History

The two-headed ogre hits you with a giant club!
The two-headed ogre hits you with a giant club!!
* * * LOW HITPOINT WARNING * * *
You are too injured to fight recklessly!
You are too injured to fight recklessly!
You are too injured to fight recklessly!
You are too injured to fight recklessly!
You are too injured to fight recklessly!
You are too injured to fight recklessly!
You are too injured to fight recklessly!
You are too injured to fight recklessly!
You are too injured to fight recklessly!
You are too injured to fight recklessly!
You are too injured to fight recklessly!
You are too injured to fight recklessly!
A red film seems to cover your vision as you go berserk!
You feel yourself moving faster!
You feel mighty!
You are feeling very hungry.
The two-headed ogre hits you with a giant club!!
You die...

##. ##.## .##
#..##.## ..#
#..##..# ...#
#..##.#.# ..#
#..##....#
.$###..##.#.......
#.#..##.#########
#O.##.## #@#.##
##.## ###


You could see a two-headed ogre.

Vanquished Creatures
  An ugly thing (D:8)
  The ghost of Terandir the Chopper, a novice MiFi (D:4)
  Grinder (D:4)
  An ice beast (D:5)
  2 orc warriors
  A phantom (D:8)
  5 ogres
  2 centaurs
  2 bullfrogs (D:6)
  3 scorpions
  A water moccasin skeleton (D:5)
  A hound (D:7)
  2 jellies
  4 orc priests
  2 bullfrog skeletons
  A centaur skeleton (D:4)
  A gnoll shaman (D:4)
  3 iguanas
  6 orc wizards
  6 worker ants
  A hound zombie (D:8)
  A hound skeleton (D:7)
  8 gnolls
  10 adders
  3 shadow imps
  An ooze (D:6)
  3 leopard geckos
  30 orcs
  9 bats
  5 giant cockroaches
  7 goblins
  4 hobgoblins
  7 jackals (D:6)
  6 kobolds
  3 quokkas
  3 ball pythons
  7 frilled lizards
  A quokka zombie (D:8)
  5 rats
160 creatures vanquished.

Vanquished Creatures (others)
  An orc wizard (D:4)
1 creature vanquished.

Grand Total: 161 creatures vanquished

Notes
Turn   | Place    | Note
-------+----------+-------------------------------------------
     0 | D:1      | TheGuigne the Minotaur Fighter began the quest for the Orb.
     0 | D:1      | Reached XP level 1. HP: 19/19 MP: 0/0
   165 | D:1      | Reached skill level 3 in Axes
   239 | D:1      | Reached XP level 2. HP: 26/26 MP: 1/1
   366 | D:1      | Reached skill level 4 in Axes
   846 | D:1      | Reached XP level 3. HP: 30/31 MP: 2/2
  1042 | D:2      | Found a glowing silver altar of Zin.
  1042 | D:2      | Noticed an angel
  1309 | D:2      | Reached skill level 5 in Axes
  1318 | D:2      | Reached XP level 4. HP: 12/39 MP: 3/3
  1933 | D:3      | Found a faded altar of an unknown god.
  2097 | D:3      | Reached skill level 6 in Axes
  2385 | D:4      | Found Gaeneps's Jewellery Boutique.
  2394 | D:4      | Bought a cursed ring of loudness for 63 gold pieces
  2394 | D:4      | Bought a cursed -2 ring of evasion for 28 gold pieces
  2418 | D:4      | Found Iphutih's Antique Armour Emporium.
  2429 | D:4      | Reached XP level 5. HP: 32/45 MP: 4/4
  2505 | D:4      | Reached skill level 7 in Axes
  2662 | D:4      | Noticed Terandir's ghost (novice MiFi)
  2737 | D:4      | Found Jyklan's Food Boutique.
  2737 | D:4      | Noticed an ogre
  2745 | D:4      | Killed an ogre
  2745 | D:4      | Reached skill level 8 in Axes
  2745 | D:4      | Reached XP level 6. HP: 13/51 MP: 5/5
  3072 | D:4      | Noticed Grinder
  3078 | D:4      | Paralysed by Grinder for 6 turns
  3097 | D:4      | Paralysed by Grinder for 3 turns
  3103 | D:4      | Killed Grinder
  3103 | D:4      | Reached skill level 9 in Axes
  3103 | D:4      | Reached XP level 7. HP: 10/57 MP: 6/6
  3467 | D:3      | Reached skill level 10 in Axes
  3621 | D:4      | Killed Terandir's ghost
  3621 | D:4      | Reached skill level 11 in Axes
  3621 | D:4      | Reached XP level 8. HP: 48/64 MP: 7/7
  3711 | D:4      | Found Fiapn's Food Shoppe.
  3731 | D:4      | Got a fine mace
  3732 | D:4      | Identified the +6 mace "Tamex" {flame, rElec rPois rF+} (You found it on level 4 of the Dungeon)
  3782 | D:4      | Reached skill level 1 in Maces & Flails
  4097 | D:5      | Entered Level 5 of the Dungeon
  4221 | D:5      | Reached skill level 5 in Maces & Flails
  4253 | D:5      | Found a staircase to the Ecumenical Temple.
  4269 | Temple   | Entered the Ecumenical Temple
  4509 | Temple   | Became a worshipper of Trog the Wrathful
  4828 | D:5      | Found a glowing golden altar of the Shining One.
  4997 | D:6      | Found a stormy altar of Qazlal.
  5374 | D:6      | Reached * piety under Trog
  5622 | D:6      | Reached XP level 9. HP: 48/70 MP: 8/8
  6433 | D:7      | Reached skill level 10 in Maces & Flails
  6784 | D:8      | Reached ** piety under Trog
  6818 | D:8      | Noticed a green ugly thing
  6830 | D:8      | Killed a green ugly thing
  6830 | D:8      | Reached skill level 5 in Armour
  6861 | D:8      | Noticed a two-headed ogre
  6865 | D:8      | Mangled by a two-headed ogre

Skill      XL: |  1  2  3  4  5  6  7  8  9 |
---------------+----------------------------+-----
Axes           | 3 4 5 6 8 9 11 | 11.1
Maces & Flails | 8 10 | 10.4
Armour         | 5 |  5.3
Fighting       | 4 |  4.6
Shields        | 4 |  4.8

Action                   |  1- 3 |  4- 6 |  7- 9 || total
-------------------------+-------+-------+-------++-------
Melee: War axe           |    80 |   125 |    42 ||   247
       Headbutt          |     7 |    23 |    47 ||    77
       Mace              |       |       |   246 ||   246
Invok: Burn Spellbooks   |       |       |     1 ||     1
       Berserk           |       |       |     1 ||     1
  Use: Scroll            |       |     3 |     1 ||     4
       Potion            |       |     1 |       ||     1
  Eat: Chunk             |     1 |     6 |    12 ||    19
Armor: Scale mail        |    15 |       |       ||    15
       Chain mail        |    30 |    71 |   128 ||   229
Dodge: Dodged            |    23 |    23 |    37 ||    83
Block: Shield            |    51 |    48 |   112 ||   211
